 Dungeon Crawl Stone Soup version 0.31-a0-188-g5e087ee2ca (webtiles) character file.

Game seed: 12246872370846524968

32 qw the Shooter (level 3, -2/20 HPs)
             Began as a Deep Elf Hunter on June 23, 2023.
             Slain by a goblin
             ... wielding a +0 club
             ... led by Robin
              (3 damage)
             ... on level 1 of the Dungeon.
             The game lasted 00:00:14 (581 turns).

qw the Shooter (Deep Elf Hunter)                     Turns: 581, Time: 00:00:15

Health: -2/20      AC:  4    Str: 10    XL:     3   Next: 8%
Magic:  5/5        EV: 12    Int: 13    God:
Gold:   2          SH:  0    Dex: 18    Spells: 2/2 levels left

rFire   . . .        Y - +0 shortbow
rCold   . . .        (shield currently unavailable)
rNeg    . . .        c - +0 leather armour
rPois   .            (no helmet)
rElec   .            e - +0 cloak
rCorr   .            (no gloves)
SInv    .            (no boots)
Will    .....        (no amulet)
Stlth   ++           (no ring)
HPRegen 0.23/turn    (no ring)
MPRegen 0.09/turn

%: no passive effects
@: no status effects
A: no striking features
a: no special abilities


You were on level 1 of the Dungeon.
You visited 1 branch of the dungeon, and saw 2 of its levels.

You collected 2 gold pieces.


   Skills:
 - Level 1.5 Fighting
 + Level 6.7 Ranged Weapons
 - Level 2.4 Dodging
 - Level 1.2 Stealth


You had 2 spell levels left.
You didn't know any spells.
Your spell library was empty.

Inventory:

Hand Weapons
 Y - a +0 shortbow (weapon)
Armour
 c - a +0 leather armour (worn)
 e - a +0 cloak (worn)
Scrolls
 a - a scroll of teleportation

Dungeon Overview and Level Annotations

Branches:
Dungeon (2/15)

Altars:

Shops:
D:1 (

Annotations:
D:2 Robin


Message History

556 ||| DROPPING scroll of butterflies.
You drop a scroll of butterflies.
Done exploring.
(D) Dungeon
Where to? (* - list waypoints, ? - help)
What level of the Dungeon? (default 1, ? - help)
There is a stone staircase leading down here.
You see here a ball python skeleton.
You climb downwards.
Robin shouts!
The hobgoblin shouts! x2; The goblin shouts!
The kobold shouts!
The hobgoblin shouts!
The goblin shouts! x4; The hobgoblin shouts!
The ball python hisses angrily.
Found a shiny copper ring, 3 gold pieces and a runed platinum amulet.
There is a stone staircase leading up here.
There are monsters nearby!
Waypoint 1 assigned to D:2.
You shoot an arrow. The goblin shouts!
The arrow hits the hobgoblin.
The hobgoblin is severely wounded.
The hobgoblin closely misses you. The goblin barely misses you.
Robin roars a battlecry!
The goblins go into a battle-frenzy!
You shoot an arrow. The arrow hits the hobgoblin.
You kill the hobgoblin!
The goblin hits you with a +0 club. x2
578 ||| STAIRDANCE The goblin hits you with a +0 club.
The goblin hits you but does no damage. The goblin completely misses you.
The hobgoblin barely misses you.
You climb upwards.
There is a stone staircase leading down here.
You see here a ball python skeleton.
Enter note:
Enter note: You shoot an arrow.
The arrow barely misses the goblin.
The goblin hits you but does no damage. The hobgoblin closely misses you.
The goblin hits you with a +0 club. x2
You shoot an arrow. The arrow hits the goblin!
You kill the goblin!
The goblin hits you with a +0 club. The hobgoblin closely misses you.
The goblin hits you with a +0 club.
You die...

#%# #.# #...# #.# ##.#
##.## #.# #..# #..# #.#
#.## #.############
#.#####.#### #.##.....[....
#.##.......###.##..######..
#.##.......##..###.# #.#
#.##......g...## #.# #.#
#.##.....g@).## #.######.#
#.#########g..# #.##.....#
#.# #.#.####....##### #.#
##.#...##.#..# # #.#
#..###.##.##.##### #?#
###.###..%..##..##.. #.#
#...#...##....#.....
#.######.....#######.......
#.#......##### ########....


You could see a hobgoblin (strong) and 2 goblins.

Vanquished Creatures
  4 bats (D:1)
  2 endoplasms (D:1)
  A giant cockroach (D:1)
  3 goblins (D:1)
  4 hobgoblins
  4 jackals (D:1)
  4 kobolds (D:1)
  A quokka (D:1)
  3 ball pythons (D:1)
  A frilled lizard (D:1)
  A rat (D:1)
28 creatures vanquished.

Notes
Turn   | Place    | Note
-------+----------+-------------------------------------------
     0 | D:1      | qw the Deep Elf Hunter began the quest for the Orb.
     0 | D:1      | Reached XP level 1. HP: 12/12 MP: 3/3
     0 | D:1      | 0 ||| qw: Version: 0.3-a-9-g12657ce
     0 | D:1      | 0 ||| qw: Game counter: 4031
     0 | D:1      | 0 ||| qw: Always use a shield: true
     0 | D:1      | 0 ||| qw: God list: Okawaru
     0 | D:1      | 0 ||| qw: Allow faded altars: false
     0 | D:1      | 0 ||| qw: Do Orc after D:15 true
     0 | D:1      | 0 ||| qw: Do second Lair branch before Depths: true
     0 | D:1      | 0 ||| qw: Lair rune preference: random
     0 | D:1      | 0 ||| qw: Plans: Normal
     0 | D:1      | 0 ||| PLANNING D:1-11
    82 | D:1      | Reached XP level 2. HP: 16/16 MP: 4/4
    84 | D:1      | Reached skill level 6 in Ranged Weapons
   232 | D:1      | Found Qekuf's Weapon Emporium.
   286 | D:1      | Reached XP level 3. HP: 20/20 MP: 5/5
   546 | D:1      | 546 ||| UPGRADING to +0 cloak.
   551 | D:1      | 551 ||| READING 2 scrolls labelled TYDEMI WUTOU.
   555 | D:1      | 555 ||| READING scroll labelled JIUDIORYJA.
   556 | D:1      | 556 ||| DROPPING scroll of butterflies.
   575 | D:2      | Noticed Robin
   578 | D:2      | 578 ||| STAIRDANCE
   581 | D:1      | HP: 1/20 [goblin/+0 club[Robin] (6)]
   581 | D:1      | Slain by a goblin

Levels and vault maps discovered:
D:1:      dpeg_arrival_tiny_b, layout_rooms, serial_shops, nicolae_shop_crystal
D:2:      layout_rooms, dreamdust_ecumenical_altar_hidden_monk_grotto,
          uniq_robin

Skill      XL: |  1  2 |
---------------+-------+-----
Ranged Weapons | 6 |  6.7
Fighting       | |  1.5
Dodging        | |  2.4
Stealth        | |  1.2

Action                     || total
---------------------------++-------
   Fire: Shortbow          ||    59
    Use: Scroll            ||     2
 Armour: Leather armour    ||     6
  Dodge: Dodged            ||    19

Table legend:
 A = Non-vault XP
 B = Vault XP
 C = Vault XP percentage of total XP
 D = Non-vault monster count
 E = Vault monster count
 F = Vault count percentage of total count
                 A         B        C        D         E       F
            +---------+---------+-------+---------+---------+-------
      Total |      44 |       4 |   8.3 |      26 |       2 |   7.1
            +---------+---------+-------+---------+---------+-------
        D:1 |      44 |       2 |   4.3 |      26 |       1 |   3.7
        D:2 |       0 |       2 | 100.0 |       0 |       1 | 100.0
            +---------+---------+-------+---------+---------+-------
